[ AOE2 MATCH · #506292681 ]
UnrankedSlavs vs Tatars
Player's team · LOSS
Rival team · WIN
[ REPLAY ANALYSIS · EXTRACTED FROM THE RECORDED GAME ]
Feudal
10:18
Castle
19:16
Imperial
—
| APM avg | 62.2 |
| APM peak | 124 |
| eAPM avg | 24.0 |
| Villagers / military | 40 / 10 |
Focus
⚔️ 40.6% · 🌾 59.4%
Scout Cavalry ×5 · Militia ×3 · Mangonel ×1 · Spearman ×1
Feudal
8:51
Castle
17:55
Imperial
—
| APM avg | 57.8 |
| APM peak | 99 |
| eAPM avg | 28.6 |
| Villagers / military | 47 / 16 |
Focus
⚔️ 49.5% · 🌾 50.5%
Archer ×16
Match map
Initial resources + every placement click. Lines = walls · curves = elevation contours. ◆ gold · ⬟ stone · ● berries · ✦ relic · ◌ wall gap
Your base· ✓ Closed at 19:16 · 62t walls · no gate
Courtesy's base· ✓ Closed at 17:55 · 51t walls · 1 gate(s)
Smoothed initial terrain · ◌ = detected wall gap · hover for details
Inputs per minute
— Survivalist - - Courtesy
Build order — Survivalist
107 actions detected in the replay
| 0:00 | Create | Villager (Male) |
| 0:02 | Build | House |
| 0:02 | Build | House |
| 0:07 | Create | Villager (Male) |
| 0:07 | Create | Villager (Male) |
| 0:10 | Create | Villager (Male) |
| 0:10 | Create | Villager (Male) |
| 1:35 | Create | Villager (Male) |
| 1:35 | Create | Villager (Male) |
| 2:01 | Create | Villager (Male) |
| 2:01 | Create | Villager (Male) |
| 2:30 | Create | Villager (Male) |
| 2:31 | Create | Villager (Male) |
| 2:56 | Build | Barracks |
| 3:15 | Create | Villager (Male) |
| 3:39 | Create | Villager (Male) |
| 3:39 | Create | Villager (Male) |
| 3:50 | Build | House |
| 3:56 | Create | Militia |
| 3:58 | Create | Villager (Male) |
| 4:11 | Create | Militia |
| 4:36 | Create | Villager (Male) |
| 4:36 | Create | Militia |
| 4:55 | Build | Lumber Camp |
| 4:58 | Create | Villager (Male) |
| 5:23 | Create | Villager (Male) |
| 5:48 | Create | Villager (Male) |
| 6:16 | Create | Villager (Male) |
| 6:37 | Create | Villager (Male) |
| 6:39 | Build | Mill |
| 7:03 | Research | Loom |
| 7:10 | Build | Outpost |
| 7:16 | Build | Farm |
| 7:26 | Create | Villager (Male) |
| 7:41 | Build | Farm |
| 7:55 | Build | House |
| 8:08 | Research | Feudal Age |
| 8:08 | Research | Feudal Age |
| 8:40 | Build | Farm |
| 9:06 | Create | Villager (Male) |
| 9:30 | Build | Farm |
| 10:12 | Build | Palisade Wall |
| 10:18 | Age | Feudal Age |
| 10:20 | Build | Stable |
| 10:27 | Create | Spearman |
| 10:38 | Research | Double-Bit Axe |
| 10:38 | Research | Double-Bit Axe |
| 10:40 | Create | Villager (Male) |
| 10:47 | Build | House |
| 10:50 | Build | Palisade Wall |
| 10:56 | Build | Palisade Wall |
| 11:06 | Create | Villager (Male) |
| 11:16 | Create | Villager (Male) |
| 11:19 | Create | Scout Cavalry |
| 11:25 | Create | Villager (Male) |
| 11:27 | Build | Palisade Wall |
| 11:32 | Build | Palisade Wall |
| 11:36 | Create | Scout Cavalry |
| 11:43 | Build | Palisade Wall |
| 11:44 | Create | Villager (Male) |
| 11:54 | Build | House |
| 11:55 | Build | Palisade Wall |
| 11:59 | Create | Scout Cavalry |
| 12:06 | Create | Villager (Male) |
| 12:32 | Create | Scout Cavalry |
| 12:35 | Create | Villager (Male) |
| 12:43 | Build | Farm |
| 12:45 | Build | Farm |
| 12:46 | Build | Farm |
| 12:49 | Create | Scout Cavalry |
| 12:55 | Create | Villager (Male) |
| 13:19 | Build | House |
| 13:20 | Build | Palisade Wall |
| 13:21 | Build | Palisade Wall |
| 13:21 | Build | Palisade Wall |
| 13:29 | Create | Villager (Male) |
| 13:53 | Build | House |
| 13:57 | Create | Villager (Male) |
| 14:06 | Build | Farm |
| 14:07 | Build | Farm |
| 14:35 | Build | Mining Camp |
| 14:54 | Create | Villager (Male) |
| 15:10 | Create | Villager (Male) |
| 15:27 | Build | Lumber Camp |
| 15:33 | Create | Villager (Male) |
| 15:51 | Create | Villager (Male) |
| 16:16 | Build | Blacksmith |
| 16:36 | Research | Castle Age |
| 16:55 | Research | Horse Collar |
| 16:58 | Build | Farm |
| 17:38 | Build | House |
| 18:14 | Build | House |
| 18:15 | Build | House |
| 18:16 | Create | Villager (Male) |
| 18:17 | Build | House |
| 18:19 | Build | House |
| 18:40 | Build | Market |
| 18:43 | Build | House |
| 18:45 | Build | House |
| 18:47 | Build | House |
| 18:53 | Create | Villager (Male) |
| 19:16 | Age | Castle Age |
| 19:18 | Build | Siege Workshop |
| 19:21 | Research | Bow Saw |
| 19:21 | Research | Bow Saw |
| 19:26 | Create | Villager (Male) |
| 19:48 | Create | Mangonel |
Build order — Courtesy
125 actions detected in the replay
| 0:01 | Create | Villager (Male) |
| 0:02 | Build | House |
| 0:02 | Build | House |
| 0:10 | Create | Villager (Male) |
| 0:19 | Create | Villager (Male) |
| 0:24 | Create | Villager (Male) |
| 1:24 | Create | Villager (Male) |
| 1:45 | Create | Villager (Male) |
| 1:55 | Build | Lumber Camp |
| 2:10 | Create | Villager (Male) |
| 2:30 | Create | Villager (Male) |
| 2:54 | Create | Villager (Male) |
| 3:22 | Create | Villager (Male) |
| 3:32 | Build | House |
| 3:36 | Build | House |
| 3:41 | Build | Palisade Wall |
| 3:51 | Create | Villager (Male) |
| 4:07 | Create | Villager (Male) |
| 4:13 | Create | Villager (Male) |
| 4:13 | Create | Villager (Male) |
| 4:23 | Build | Palisade Wall |
| 4:28 | Create | Villager (Male) |
| 4:43 | Build | Palisade Wall |
| 4:50 | Create | Villager (Male) |
| 5:39 | Build | Mining Camp |
| 5:43 | Create | Villager (Male) |
| 5:55 | Build | Palisade Wall |
| 6:39 | Research | Feudal Age |
| 6:39 | Research | Feudal Age |
| 6:56 | Build | Palisade Wall |
| 7:07 | Create | Villager (Male) |
| 7:15 | Build | Palisade Gate |
| 7:22 | Research | Loom |
| 7:23 | Create | Villager (Male) |
| 7:41 | Build | House |
| 8:13 | Build | Barracks |
| 8:25 | Build | Palisade Wall |
| 8:26 | Build | Palisade Wall |
| 8:45 | Create | Villager (Male) |
| 8:51 | Age | Feudal Age |
| 9:06 | Create | Villager (Male) |
| 9:12 | Build | Archery Range |
| 9:21 | Create | Villager (Male) |
| 9:34 | Research | Double-Bit Axe |
| 9:34 | Research | Double-Bit Axe |
| 9:35 | Create | Villager (Male) |
| 9:40 | Build | House |
| 9:53 | Create | Archer |
| 10:10 | Create | Villager (Male) |
| 10:12 | Build | Mill |
| 10:31 | Create | Villager (Male) |
| 10:41 | Research | Horse Collar |
| 10:50 | Create | Villager (Male) |
| 10:52 | Create | Archer |
| 10:53 | Create | Villager (Male) |
| 10:56 | Build | House |
| 10:57 | Build | Palisade Wall |
| 11:01 | Create | Archer |
| 11:04 | Build | Farm |
| 11:04 | Create | Villager (Male) |
| 11:20 | Create | Villager (Male) |
| 11:28 | Create | Villager (Male) |
| 11:38 | Build | House |
| 11:41 | Create | Villager (Male) |
| 11:52 | Build | Farm |
| 11:56 | Build | Farm |
| 11:59 | Create | Villager (Male) |
| 12:06 | Build | Palisade Wall |
| 12:06 | Build | Palisade Wall |
| 12:07 | Build | Palisade Wall |
| 12:11 | Create | Archer |
| 12:25 | Create | Villager (Male) |
| 12:34 | Create | Archer |
| 12:48 | Build | House |
| 12:52 | Create | Villager (Male) |
| 12:58 | Create | Villager (Male) |
| 13:03 | Build | Market |
| 13:09 | Create | Archer |
| 13:18 | Build | Farm |
| 13:19 | Create | Villager (Male) |
| 13:21 | Create | Villager (Male) |
| 13:28 | Create | Villager (Male) |
| 13:33 | Create | Villager (Male) |
| 13:36 | Build | Palisade Wall |
| 13:43 | Create | Villager (Male) |
| 13:49 | Build | Farm |
| 13:53 | Create | Archer |
| 14:00 | Build | House |
| 14:01 | Build | House |
| 14:19 | Create | Villager (Male) |
| 14:35 | Create | Villager (Male) |
| 14:52 | Build | Blacksmith |
| 15:15 | Research | Castle Age |
| 15:15 | Research | Castle Age |
| 15:42 | Build | House |
| 15:43 | Build | House |
| 15:46 | Create | Archer |
| 15:50 | Research | Fletching |
| 15:50 | Research | Fletching |
| 15:52 | Build | House |
| 16:10 | Build | Archery Range |
| 16:13 | Create | Archer |
| 16:51 | Create | Archer |
| 17:00 | Create | Archer |
| 17:01 | Research | Gold Mining |
| 17:25 | Create | Villager (Male) |
| 17:55 | Age | Castle Age |
| 17:58 | Research | Crossbowman (upgrade) |
| 17:58 | Research | Crossbowman (upgrade) |
| 17:58 | Research | Bodkin Arrow |
| 17:58 | Research | Bodkin Arrow |
| 18:12 | Create | Villager (Male) |
| 18:24 | Create | Villager (Male) |
| 18:33 | Create | Archer |
| 18:33 | Create | Archer |
| 18:38 | Build | University |
| 18:39 | Create | Villager (Male) |
| 18:48 | Build | House |
| 19:05 | Research | Padded Archer Armor |
| 19:05 | Research | Padded Archer Armor |
| 19:09 | Create | Archer |
| 19:10 | Create | Archer |
| 19:19 | Build | Town Center |
| 19:31 | Create | Archer |
| 19:57 | Create | Villager (Male) |
Match timeline
| 2:56 | Survivalist · first_building Barracks |
| 3:41 | Courtesy · wall_segment Palisade Wall x3 |
| 4:23 | Courtesy · wall_segment Palisade Wall x5 |
| 4:43 | Courtesy · wall_segment Palisade Wall x10 |
| 5:55 | Courtesy · wall_segment Palisade Wall x3 |
| 6:56 | Courtesy · wall_segment Palisade Wall x10 |
| 8:13 | Courtesy · first_building Barracks |
| 8:25 | Courtesy · wall_segment Palisade Wall x1 |
| 8:26 | Courtesy · wall_segment Palisade Wall x1 |
| 8:51 | Courtesy · age_up feudal |
| 9:12 | Courtesy · first_building Archery Range |
| 10:12 | Survivalist · wall_segment Palisade Wall x3 |
| 10:18 | Survivalist · age_up feudal |
| 10:20 | Survivalist · first_building Stable |
| 10:50 | Survivalist · wall_segment Palisade Wall x13 |
| 10:56 | Survivalist · wall_segment Palisade Wall x11 |
| 10:57 | Courtesy · wall_segment Palisade Wall x13 |
| 11:27 | Survivalist · wall_segment Palisade Wall x7 |
| 11:32 | Survivalist · wall_segment Palisade Wall x14 |
| 11:43 | Survivalist · wall_segment Palisade Wall x9 |
| 11:55 | Survivalist · wall_segment Palisade Wall x7 |
| 12:06 | Courtesy · wall_segment Palisade Wall x1 |
| 12:06 | Courtesy · wall_segment Palisade Wall x1 |
| 12:07 | Courtesy · wall_segment Palisade Wall x2 |
| 13:20 | Survivalist · wall_segment Palisade Wall x1 |
| 13:21 | Survivalist · wall_segment Palisade Wall x1 |
| 13:21 | Survivalist · wall_segment Palisade Wall x1 |
| 13:36 | Courtesy · wall_segment Palisade Wall x1 |
| 14:11 | Courtesy · first_market_sell 100 stone |
| 14:12 | Courtesy · first_market_buy 100 food |
| 17:55 | Courtesy · age_up castle |
| 19:16 | Survivalist · age_up castle |
| 19:18 | Survivalist · first_building Siege Workshop |
| 20:02 | Survivalist · resign |
[ AI ANALYSIS · 1 CREDIT ]
What really happened in this match?
Wolo.gg analyzes every decision: build order, eco, micro, common mistakes by bracket. Personalized analysis on WhatsApp or Discord in 30 seconds.
Civ guide
Slavs
Perfil
Survivalist